 Dungeon Crawl Stone Soup version 0.28.0 (webtiles) character file.

Game seed: 12160110000243669546

32591 SnakkuSnakku7 the Eclecticist (level 14, -8/96 HPs)
             Began as a Djinni Gladiator on Feb 10, 2022.
             Mangled by a cane toad (17 damage)
             ... on level 5 of the Lair of Beasts.
             The game lasted 00:31:54 (17985 turns).

SnakkuSnakku7 the Eclecticist (Djinni Gladiator)   Turns: 17985, Time: 00:31:55

Health: -8/96      AC: 14    Str: 17    XL:     14   Next: 3%
Gold:   784        EV: 16    Int: 19    God:
                   SH: 13    Dex: 21

rFire   + + .      SeeInvis .   b - +3 trident (vamp)
rCold   x . .      Faith    .   E - +0 kite shield of a wizard's laboratory {Regen+ Str+4}
rNeg    . . .      Spirit   .   g - +2 troll leather armour
rPois   ∞          Reflect  .   c - +2 helmet
rElec   +          Harm     .   j - +0 cloak
rCorr   .          Rampage  .   (no gloves)
Will    ++...                   (boots unavailable)
Stlth   ++........              s - amulet of the acrobat
HPRegen 1.86/turn               P - ring "Eroggil" {AC+4 Int+4}
MPRegen 0.00/turn               B - ring "Usik Asoe" {rElec Will+ EV+4 Dex+6}

@: flying
A: sickness immunity, fire resistance 2, cold vulnerability 1, float, innate
caster, HP casting, extra vitality 1
a: no special abilities


You were on level 5 of the Lair of Beasts.
You visited 3 branches of the dungeon, and saw 17 of its levels.
You also visited: Sewer.

You collected 2251 gold pieces.
You spent 1467 gold pieces at shops.

Inventory:

Hand Weapons
 b - a +3 vampiric trident (weapon)
Missiles
 d - 6 throwing nets
 R - 5 curare-tipped darts
Armour
 c - a +2 helmet (worn)
 g - a +2 troll leather armour (worn)
 j - a +0 cloak (worn)
 w - a +2 leather armour of cold resistance
 y - a +3 ring mail of positive energy
 E - the +0 kite shield of a wizard's laboratory (worn) {Regen+ Str+4}
   (You bought it in a shop on level 2 of the Orcish Mines)

   Str:       It affects your strength (+4).
   Regen:     It increases your rate of health regeneration.
Magical Staves
 a - a staff of poison
 D - a staff of cold
Jewellery
 s - an amulet of the acrobat (around neck)
 B - the ring "Usik Asoe" (right hand) {rElec Will+ EV+4 Dex+6}
   (You bought it in a shop on level 2 of the Orcish Mines)

   [ring of evasion]

   EV:        It affects your evasion (+4).
   Dex:       It affects your dexterity (+6).
   rElec:     It insulates you from electricity.
   Will:      It increases your willpower.
 I - a ring of resist corrosion
 P - the ring "Eroggil" (left hand) {AC+4 Int+4}
   (You found it on level 2 of the Lair of Beasts)

   [ring of protection]

   AC:        It affects your AC (+4).
   Int:       It affects your intelligence (+4).
Wands
 i - a wand of flame (12)
 o - a wand of polymorph (16)
 r - a wand of charming (6)
 x - a wand of mindburst (19)
 G - a wand of paralysis (17)
 Q - a wand of acid (9)
Scrolls
 k - a scroll of immolation
 m - a scroll of summoning
 n - 6 scrolls of teleportation
 u - a scroll of silence
 z - a scroll of magic mapping
 A - a scroll of brand weapon
 C - 2 scrolls of vulnerability
 J - a scroll of fog
 K - a scroll of blinking
 M - a scroll of holy word
 N - a scroll of fear
Potions
 e - 8 potions of curing {unknown}
 f - a potion of lignification
 h - 3 potions of heal wounds {unknown}
 p - 3 potions of brilliance {unknown}
 q - 3 potions of haste
 t - 3 potions of might
 v - 3 potions of attraction
 F - 3 potions of ambrosia
 H - 3 potions of invisibility
 L - a potion of mutation {unknown}


   Skills:
 + Level 7.6 Fighting
 - Level 2.6 Staves
 - Level 1.5 Throwing
 - Level 3.2 Dodging
 - Level 10.0 Shields
 - Level 15.0 Spellcasting


You had 24 spell levels left.
You knew the following spells:

 Your Spells              Type           Power      Damage    Failure   Level
a - Ignite Poison         Fire/Tmut/Pois 63%        N/A       1%          3
b - Poisonous Vapours     Pois/Air       100%       N/A       1%          2
c - Pain                  Necr           100%       1d9       1%          1
d - Summon Ice Beast      Ice/Summ       63%        N/A       1%          4
e - Summon Forest         Summ/Tloc      31%        N/A       1%          5
z - Olgreb's Toxic Radia  Pois           63%        N/A       1%          4
Your spell library was empty.

Dungeon Overview and Level Annotations

Branches:
Dungeon (11/15)            Temple (0/1) D:4            Lair (3/6) D:11
  Swamp (0/4) Lair:2       Spider (0/4) Lair:3          Orc (2/2) D:10
    Elf (0/3) Orc:2         Sewer (visited)

Altars:
Gozag
Kikubaaqudgha
Uskayaw
Vehumet
Beogh

Shops:
Orc:2 *=[(

Annotations:
D:4 3 runed translucent doors, themarg's ghost, novice MiBe


Innate Abilities, Weirdness & Mutations

You are immune to sickness and miasma.
You are immune to poison.
Your flesh is very heat resistant. (rF++)
You are vulnerable to cold. (rC-)
You float through the air rather than walking.
You learn spells naturally, not from books.
Your magical power is your life essence.
You have superior vitality. (+4 MHP)


Message History

Your ice beast disappears in a puff of smoke!
The black mamba bites you! You block the cane toad's attack.
The black mamba misses you. You block the cane toad's attack.
Unknown command.
You hit the cane toad but do no damage.
The cane toad is heavily wounded.
The cane toad is no longer moving slowly.
The black mamba completely misses you. The cane toad misses you.
The black mamba bites you but does no damage.
The cane toad barely misses you.
Your ice beast barely misses the cane toad.
You block the cane toad's attack. The black mamba bites you.
Casting: Summon Ice Beast (safe; 1% risk of failure)
Confirm with . or Enter, or press ? or * to list all spells.
A chill wind blows around you.
Your ice beast disappears in a puff of smoke!
You block the black mamba's attack. The cane toad misses you.
The cane toad barely misses you.
Unknown command.
You closely miss the cane toad.
The cane toad is moderately wounded.
The black mamba barely misses you. The black mamba closely misses you.
The cane toad stings you! The cane toad misses you.
You block the black mamba's attack.
Your ice beast barely misses the cane toad.
The cane toad completely misses you. The cane toad stings you.
You barely miss the cane toad.
The cane toad is moderately wounded.
The black mamba completely misses you. The cane toad stings you!
The black mamba bites you. You block the cane toad's attack.
Your ice beast hits the cane toad but does no damage.
Unknown command.
You barely miss the cane toad.
The cane toad is moderately wounded.
The black mamba bites you!
* * * LOW HITPOINT WARNING * * *
The cane toad stings you!
* * * LOW HITPOINT WARNING * * *
The cane toad stings you!
You die...

...................
...................
.....!...†.........
.....(.............
...................
.##....†.......##.
#P#........###
.P###.S#F...P#
...P...F@...P.#
....P..Y.......P
............$....
.............#....
....<...#.........
................
................
....... .......


You could see a black mamba, 2 cane toads and a friendly ice beast (summoned).

Vanquished Creatures
  An orc warlord (Orc:2)
  Harold (D:7)
  Fannar (Lair:3)
  4 death yaks (Lair:5)
  3 orc high priests
  Pikel (D:6)
  3 orc knights (Orc:2)
  A cyclops (Orc:2)
  4 orc sorcerers (Orc:2)
  A cane toad (Lair:1)
  Maggie (D:10)
  A torpor snail (Lair:3)
  3 kobold demonologists
  3 rime drakes (Lair:2)
  5 komodo dragons
  5 trolls
  A wind drake (shapeshifter) (D:10)
  2 polar bears
  32 yaks
  A wyvern (Lair:2)
  A basilisk (Lair:2)
  3 wargs
  Duvessa (D:6)
  7 water moccasins
  41 orc warriors
  4 black bears
  4 ice beasts
  2 sky beasts
  3 necrophages
  8 ogres
  2 phantoms
  5 centaurs
  A lemure (D:6)
  3 kobold brigands
  10 bullfrogs
  3 gnoll sergeants
  4 scorpions
  Dowan (D:6)
  4 killer bees
  8 wights
  8 howler monkeys
  An electric eel (Lair:2)
  2 centaur zombies
  4 jellies
  A bullfrog skeleton (D:6)
  A gnoll shaman (D:4)
  4 hounds
  A centaur skeleton (D:7)
  18 orc priests
  Crazy Yiuf (D:6)
  4 iguanas
  Ijyb (D:2)
  12 orc wizards
  7 hell rats (Lair:3)
  A killer bee zombie (D:9)
  A hound zombie (D:5)
  A howler monkey zombie (D:6)
  15 gnolls
  A howler monkey skeleton (D:5)
  6 river rats (Sewer)
  13 adders
  A shadow imp (D:7)
  A white imp (D:7)
  An ufetubus (D:6)
  A worm (D:2)
  4 dart slugs
  71 orcs
  2 bats
  9 endoplasms
  2 giant cockroaches
  12 goblins
  7 hobgoblins
  4 jackals (D:3)
  17 kobolds
  7 quokkas
  6 ball pythons
  6 frilled lizards
  12 rats
455 creatures vanquished.

Vanquished Creatures (collateral kills)
  The ghost of Huxoxzufuz the Blocker, a journeyman GnFi of Hepliaklqana (Lair:2)
  A cane toad (Lair:1)
  A warg (D:10)
  A hornet zombie (D:9)
  A wight (D:10)
5 creatures vanquished.

Vanquished Creatures (others)
  6 fungi
  5 plants
  7 withered plants (D:6)
18 creatures vanquished.

Grand Total: 478 creatures vanquished

Notes
Turn   | Place    | Note
-------+----------+-------------------------------------------
     0 | D:1      | SnakkuSnakku7 the Djinni Gladiator began the quest for the
                  | Orb.
     0 | D:1      | Reached XP level 1. HP: 18/18 MP: 0/0
   448 | D:1      | Reached skill level 1 in Spellcasting
   448 | D:1      | Reached XP level 2. HP: 12/23 MP: 0/0
   822 | D:1      | Found a faded altar of an unknown god.
  1376 | D:2      | Noticed Ijyb
  1390 | D:2      | Reached XP level 3. HP: 24/28 MP: 0/0
  1390 | D:2      | Learned a level 1 spell: Pain
  1767 | D:2      | Reached skill level 2 in Spellcasting
  1791 | D:2      | Killed Ijyb
  1792 | D:2      | Reached XP level 4. HP: 10/33 MP: 0/0
  2345 | D:2      | You are sucked into a shaft and drop 2 floors!
  2422 | D:3      | Reached skill level 3 in Spellcasting
  2467 | D:3      | Reached XP level 5. HP: 30/38 MP: 0/0
  2467 | D:3      | Learned a level 2 spell: Poisonous Vapours
  3892 | D:4      | Found a runed translucent gate.
  3892 | D:4      | Found a runed translucent gate.
  3893 | D:4      | Found a runed translucent gate.
  4000 | D:4      | Reached XP level 6. HP: 17/43 MP: 0/0
  4003 | D:4      | Reached skill level 4 in Spellcasting
  4349 | D:4      | Found a staircase to the Ecumenical Temple.
  4419 | D:4      | Found a hide-covered altar of Uskayaw.
  4455 | D:4      | Reached XP level 7. HP: 36/49 MP: 0/0
  4455 | D:4      | Learned a level 3 spell: Ignite Poison
  4591 | D:4      | Noticed themarg's ghost (novice MiBe)
  4706 | D:5      | Entered Level 5 of the Dungeon
  4720 | D:5      | Reached skill level 5 in Spellcasting
  4884 | D:5      | Identified the +1 pair of boots of the Pure Leylines
                  | {Int+4}
  5176 | D:5      | Reached skill level 6 in Spellcasting
  5176 | D:5      | Reached XP level 8. HP: 39/54 MP: 0/0
  5608 | D:5      | Reached skill level 7 in Spellcasting
  6285 | D:6      | Found a glowing drain.
  6315 | Sewer    | Entered a sewer
  6591 | Sewer    | Identified the +2 ring mail "Rineiw" {rPois Int-4 Dex+3
                  | Slay+2 SInv}
  6707 | D:6      | Reached XP level 9. HP: 52/58 MP: 0/0
  6707 | D:6      | Learned a level 4 spell: Olgreb's Toxic Radiance
  6715 | D:6      | Noticed Duvessa
  6716 | D:6      | Noticed Dowan
  6720 | D:6      | Killed Dowan
  6720 | D:6      | Killed Duvessa
  6721 | D:6      | Reached skill level 8 in Spellcasting
  6846 | D:6      | Noticed Pikel
  6867 | D:6      | Killed Pikel
  6868 | D:6      | Reached skill level 9 in Spellcasting
  7195 | D:6      | Found a runed translucent door.
  7196 | D:6      | Noticed Crazy Yiuf
  7313 | D:6      | Killed Crazy Yiuf
  7942 | D:7      | Reached skill level 10 in Spellcasting
  7942 | D:7      | Reached XP level 10. HP: 58/64 MP: 0/0
  8054 | D:7      | Noticed Harold
  8066 | D:7      | Killed Harold
  8461 | D:7      | Reached skill level 11 in Spellcasting
  8547 | D:7      | HP: 1/64 [white imp/puff of frost (7)]
  8947 | D:7      | Found an opulent altar of Gozag.
 10941 | D:8      | Reached skill level 12 in Spellcasting
 10941 | D:8      | Reached XP level 11. HP: 68/68 MP: 0/0
 10941 | D:8      | Learned a level 4 spell: Summon Ice Beast
 12073 | D:10     | Entered Level 10 of the Dungeon
 12104 | D:10     | Noticed Maggie
 12150 | D:10     | Killed Maggie
 12796 | D:10     | Reached skill level 13 in Spellcasting
 13247 | D:10     | Found a staircase to the Orcish Mines.
 13429 | D:10     | Identified a scroll of acquirement
 13431 | D:10     | Acquired a staff of poison
 13780 | Orc:1    | Entered Level 1 of the Orcish Mines
 13780 | Orc:1    | Noticed an orc high priest
 13783 | Orc:1    | Killed an orc high priest
 13784 | Orc:1    | Reached XP level 12. HP: 51/74 MP: 0/0
 13836 | D:10     | Reached skill level 14 in Spellcasting
 13974 | Orc:2    | Entered Level 2 of the Orcish Mines
 13976 | Orc:2    | Found a staircase to the Elven Halls.
 13977 | Orc:2    | Noticed an orc high priest
 13980 | Orc:2    | Killed an orc high priest
 13995 | Orc:2    | Found Ocaisk's Antique Weapon Shoppe.
 13995 | Orc:2    | Noticed an orc warlord
 14001 | Orc:2    | Killed an orc warlord
 14349 | Orc:2    | Reached skill level 15 in Spellcasting
 14483 | Orc:2    | Found Jarcha's General Store.
 14625 | Orc:2    | Reached skill level 5 in Fighting
 14672 | Orc:2    | Bought a scroll of teleportation for 33 gold pieces
 14757 | Orc:2    | Found Ykuif's Jewellery Shoppe.
 14812 | Orc:2    | Found Riygeg's Antique Armour Shop.
 14824 | Orc:2    | Noticed an orc high priest
 14825 | Orc:2    | Reached XP level 13. HP: 67/89 MP: 0/0
 14825 | Orc:2    | Learned a level 5 spell: Summon Forest
 14831 | Orc:2    | Bought a faintly glowing kite shield for 275 gold pieces
 14831 | Orc:2    | Identified the +0 kite shield of a wizard's laboratory
                  | {Regen+ Str+4} (You bought it in a shop on level 2 of the
                  | Orcish Mines)
 15185 | Orc:2    | Reached skill level 1 in Shields
 15274 | Orc:2    | Bought the ring "Usik Asoe" {rElec Will+ EV+4 Dex+6} for
                  | 1159 gold pieces
 16067 | D:11     | Found a staircase to the Lair.
 16122 | Lair:1   | Entered Level 1 of the Lair of Beasts
 16165 | Lair:1   | Reached skill level 5 in Shields
 16863 | Lair:2   | Found a staircase to the Swamp.
 17118 | Lair:2   | Found a transporter.
 17122 | Lair:2   | Found a transporter.
 17122 | Lair:2   | Noticed Huxoxzufuz's ghost (journeyman GnFi)
 17642 | Lair:2   | Killed Huxoxzufuz's ghost
 17686 | Lair:2   | Identified the ring "Eroggil" {AC+4 Int+4}
 17806 | Lair:3   | Found a hole to the Spider Nest.
 17806 | Lair:3   | Noticed Fannar
 17822 | Lair:3   | Killed Fannar
 17962 | Lair:3   | You are sucked into a shaft and drop 2 floors!
 17973 | Lair:5   | Reached skill level 10 in Shields
 17973 | Lair:5   | Reached XP level 14. HP: 83/96 MP: 0/0
 17985 | Lair:5   | Mangled by a cane toad

Illustrated notes

Levels and vault maps discovered:
D:1:      shiori_shiawase, layout_basic, ebering_ecumenical_altar_rust,
          kennysheep_pointless_box, serial_bayou_pond_d
D:2:      kennysheep_the_goblin_king, layout_loops_ring
D:3:      layout_basic, feat_on_display
D:4:      layout_loops_cross, mainiacjoe_overflow_alcove_2,
          minmay_temple_entry_slanted, gammafunk_ghost_icy
D:5:      layout_cave_pods, nicolae_vehumet_altar_sigil, minmay_misc_feat_chi
D:6:      layout_loops_ring, kiku_gazebo_garden_becter, portal_sewer_entry_f,
          small_statue_intersection, uniq_pikel, uniq_duvessa,
          uniq_crazy_yiuf_cottage
D:7:      minmay_polygon_palace, layout_loops_ring, nicolae_gozag_seed_capital,
          uniq_harold
D:8:      layout_gridville
D:9:      layout_roguey, st_stairs_14
D:10:     layout_basic, david_orc_5, roderic_serpentine_path,
          minmay_door_square, uniq_maggie
D:11:     layout_loops_ring, grunt_lair_entry_orc_guard_hut
Lair:1:   layout_regular_city
Lair:2:   layout_loops_ring, swamp_mist, gammafunk_ghost_arena,
          chequers_serial_rivers_micro_b, grunt_megastairs_2,
          serial_bayou_shore_b, serial_bayou_shore_a
Lair:3:   layout_regular_city, dummy_spider_entry, infiniplex_staircase_pool,
          uniq_fannar
Lair:5:   layout_hall_layers, slime_dummy
Orc:1:    layout_diamond_mine
Orc:2:    grunt_orc_gardens, layout_caves, grunt_orc_garden, grunt_orc_garden,
          grunt_orc_garden, grunt_orc_garden

Skill      XL: |  1  2  3  4  5  6  7  8  9 10 11 12 13 |
---------------+----------------------------------------+-----
Spellcasting   | 1 2 3 4 6 7 10 12 13 15 | 15.0
Fighting       | 6 7 |  7.6
Shields        | 10 | 10.0
Staves         | |  2.6
Throwing       | |  1.5
Dodging        | |  3.2

Action                   |  1- 3 |  4- 6 |  7- 9 | 10-12 | 13-15 || total
-------------------------+-------+-------+-------+-------+-------++-------
Melee: Quarterstaff      |    93 |   203 |   248 |       |       ||   544
       Unarmed           |    33 |       |       |       |       ||    33
       Trident           |       |       |    13 |   394 |   101 ||   508
       Punch             |       |       |       |     8 |       ||     8
       Staff             |       |       |       |    53 |    48 ||   101
 Cast: Poisonous Vapours |       |    14 |    47 |     9 |       ||    70
       Ignite Poison     |       |       |     9 |    44 |    26 ||    79
       Pain              |       |       |    10 |     1 |       ||    11
       Olgreb's Toxic Ra |       |       |     5 |    73 |    41 ||   119
       Summon Ice Beast  |       |       |       |     8 |     8 ||    16
       Summon Forest     |       |       |       |       |     1 ||     1
Evoke: Wand              |       |       |     3 |     4 |       ||     7
  Use: Scroll            |       |       |     7 |    18 |     5 ||    30
       Potion            |       |       |       |     1 |       ||     1
 Stab: Confused          |     2 |       |       |       |       ||     2
       Sleeping          |       |       |     1 |       |       ||     1
       Distracted        |       |       |       |       |     2 ||     2
Armor: Leather armour    |    31 |    62 |    92 |       |       ||   185
       Skin              |     3 |       |       |       |       ||     3
       Ring mail         |       |       |    34 |   162 |       ||   196
       Troll leather arm |       |       |       |    33 |    54 ||    87
Dodge: Dodged            |    76 |   177 |   259 |   439 |   149 ||  1100
Block: Kite shield       |       |       |       |       |   118 ||   118
